 Dungeon Crawl Stone Soup version 0.23-a0-416-g33f1def (webtiles) character file.

55 Firecrotchwizard the Insei (level 3, -1/17 HPs)
             Began as a Vine Stalker Transmuter on Nov 10, 2018.
             Slain by Natasha (3 damage)
             ... on level 2 of the Dungeon.
             The game lasted 00:05:02 (1646 turns).

Firecrotchwizard the Insei (VSTm)                   Turns: 1646, Time: 00:05:03

Health: -1/17      AC:  3    Str: 12    XL:     3   Next: 93%
Magic:  0/7        EV: 12    Int: 14    God:
Gold:   57         SH:  0    Dex: 14    Spells: 0/6 levels left

rFire    x . .     SeeInvis .     - Unarmed
rCold    + . .     Gourm    .   (no shield)
rNeg     . . .     Faith    .   b - +0 robe
rPois    .         Spirit   +   (no helmet)
rElec    .         Reflect  .   g - +0 cloak
rCorr    .         Harm     .   (no gloves)
MR       .....                  (no boots)
Stlth    +.........             (no amulet)
HPRegen  0.05/turn              h - ring of ice {rC+, rF-}
MPRegen  0.10/turn              (no ring)

@: appendage (expiring), slowed, very slow
A: fangs 2, horns 2, magic shield, antimagic bite, no potion heal 3, rot
immunity
a: End Transformation


You were on level 2 of the Dungeon.
You were not hungry.
You had grown temporary horns.
You visited 1 branch of the dungeon, and saw 2 of its levels.

You collected 57 gold pieces.

Inventory:

Missiles
 a - 12 arrows
Armour
 b - a +0 robe (worn)
 g - a +0 cloak (worn)
   (You found it on level 1 of the Dungeon)
 n - a +0 leather armour
   (You found it on level 1 of the Dungeon)
Jewellery
 h - a ring of ice (left hand) {rC+, rF-}
   (You found it on level 1 of the Dungeon)
Scrolls
 e - a scroll of fog {unknown}
 f - 4 scrolls of identify {unknown}
 j - 2 scrolls of teleportation {unknown}
 k - a scroll of enchant armour {unknown}
 l - a scroll of fear {unknown}
 m - a scroll of random uselessness {unknown}
 p - a scroll of remove curse {unknown}
 q - a scroll of immolation {unknown}
Potions
 c - a potion of curing {unknown}
 i - a potion of flight {unknown}
 r - a potion of ambrosia {unknown}
Comestibles
 d - 4 rations
 o - 4 chunks of flesh {@w0}


   Skills:
 - Level 0.8 Fighting
 - Level 1.5 Dodging
 * Level 3.8 Unarmed Combat
 - Level 2.1 Spellcasting
 * Level 3.1 Transmutations
 + Level 0.4 Poison Magic


You couldn't memorise any spells.
You knew the following spells:

 Your Spells              Type           Power        Failure   Level  Hunger
a - Beastly Appendage     Tmut           ##....       6%          1    #......
c - Spider Form           Tmut/Pois      #.........   32%         3    ###....
s - Sticks to Snakes      Tmut           ##......     10%         2    ###....

Your spell library contained the following spells:

 Spells                   Type           Power        Failure   Level  Hunger
 Ice Form                 Ice/Tmut       #.......     77%         4    #####..
 Blade Hands              Tmut           ##........   87%         5    ######.


Dungeon Overview and Level Annotations

Branches:
Dungeon (2/15)

Altars:

Annotations:
D:2 Natasha


Innate Abilities, Weirdness & Mutations

You have extremely sharp teeth.
When hurt, damage is shared between your health and your magic reserves.
Your bite disrupts and absorbs the magic of your enemies.
Potions cannot restore your health.
You are immune to rotting.
You have a pair of horns on your head.


Message History

f - 2 scrolls labeled JIRCHI ERHITOSI (gained 1)
A goblin comes into view. It is wielding a +0 dagger.
The goblin moves out of view.
The goblin is too close now for your liking.
A leopard gecko comes into view.
The goblin shouts!
You hit the goblin.
You kill the goblin!
The leopard gecko bites you but does no damage.
The leopard gecko barely misses you.
You closely miss the leopard gecko. You bite the leopard gecko.
You drain its power. The leopard gecko barely misses you.
You closely miss the leopard gecko. You bite the leopard gecko.
You drain its power. The leopard gecko misses you.
You completely miss the leopard gecko. The leopard gecko bites you.
You take 1 damage, and have 16/17 hp.
You hit the leopard gecko.
You kill the leopard gecko!
No target in view!
Search for what [Enter for "arm", or ? for help]? arm You butcher the leopard gecko corpse.
o - 5 chunks of flesh {@w0} (gained 1)
You see here a leopard gecko skeleton. x2
f - 3 scrolls labeled JIRCHI ERHITOSI (gained 1)
Things that are here:
a +0 dagger; a +0 leather armour; a goblin corpse You butcher the goblin corpse.
o - 6 chunks of flesh {@w0} (gained 1)
Things that are here:
a +0 dagger; a +0 leather armour; a goblin skeleton
Things that are here:
a +0 dagger; a +0 leather armour; a goblin skeleton
d - 4 rations (gained 1)
You now have 35 gold pieces (gained 13).
Found a stone staircase leading up.
Health restored: 17 Some of the chunks of flesh in your inventory have rotted away.
You now have 49 gold pieces (gained 14).
An adder comes into view.
An adder is nearby!
The adder hisses angrily.
The adder closely misses you. The adder barely misses you.
You completely miss the adder. The adder completely misses you.
You closely miss the adder. You bite the adder. You drain its power.
The adder misses you.
You miss the adder. You bite the adder. You drain its power.
The adder misses you.
You hit the adder.
You kill the adder!
No target in view!
You butcher the adder corpse.
o - 6 chunks of flesh {@w0} (gained 2)
You see here an adder skeleton. x2
q - a scroll labeled ORHUCZ UWIATAO
Found a stone staircase leading down.
r - a smoky yellow potion
Found a stone staircase leading down.
There is a stone staircase leading down here.
There is a stone staircase leading down here.
f - 4 scrolls labeled JIRCHI ERHITOSI (gained 1)
You now have 57 gold pieces (gained 8).
Natasha, Servant of Life and Death comes into view.
Natasha hisses angrily.
Unknown command.
A rock wall.
Natasha casts a spell at you.
You feel yourself slow down.
You are feeling hungry.
You start waiting.
Eating one of 6 chunks of flesh {@w0}.
You eat one of the 6 chunks of flesh {@w0}.
Natasha casts a spell at you. The magic dart hits you!
You take 4 damage, and have 13/17 hp.
MASSIVE DAMAGE!!
You now have 5/7 mp.
Natasha stares at you and mumbles some strange words.
The magic dart hits you! Natasha claws you but does no damage.
You take 5 damage, and have 8/17 hp.
MASSIVE DAMAGE!!
You now have 3/7 mp.
You hit Natasha but do no damage. You bite Natasha, but do no damage.
Natasha claws you.
* * * LOW HITPOINT WARNING * * *
You take 4 damage, and have 4/17 hp.
MASSIVE DAMAGE!!
You now have 2/7 mp.
You grow a pair of large bovine horns.
Natasha closely misses you. Natasha claws you.
* * * LOW HITPOINT WARNING * * *
Some of the chunks of flesh in your inventory have rotted away.
You take 2 damage, and have 2/17 hp.
You now have 0/7 mp.
You completely miss Natasha. Natasha barely misses you.
Unknown command.
You hit Natasha but do no damage. You headbutt Natasha! You bite Natasha.
Natasha's magic leaks into the air.
You drain her magic.
You feel invigorated.
Your transformation is almost over.
Natasha barely misses you.
You regained 3 mp, and now have 3/7 mp.
You hit Natasha. Natasha claws you.
You die...

### ..# #.### # #...
#. #..# .# #..# .#
#..###.#
##############..@h..#
......>.........##..#
##################..#
#..|. #......
#..#.### #h.#.# #...
. ##.# ##


You could see Natasha.

Vanquished Creatures
  An adder (D:2)
  A worm (D:2)
  3 dart slugs
  2 leopard geckos (D:2)
  7 goblins
  3 hobgoblins
  5 kobolds (D:1)
  2 ball pythons (D:1)
  6 bats
  3 frilled lizards
  2 rats (D:1)
35 creatures vanquished.

Notes
Turn   | Place    | Note
-------+----------+-------------------------------------------
     0 | D:1      | Firecrotchwizard the Vine Stalker Transmuter began the
                  | quest for the Orb.
     0 | D:1      | Reached XP level 1. HP: 9/9 MP: 4/4
   434 | D:1      | Reached XP level 2. HP: 13/14 MP: 6/6
   447 | D:1      | Learned a level 2 spell: Sticks to Snakes
   660 | D:1      | Reached XP level 3. HP: 8/17 MP: 5/7
  1201 | D:1      | Learned a level 3 spell: Spider Form
  1384 | D:2      | Reached skill level 3 in Transmutations
  1635 | D:2      | Noticed Natasha
  1642 | D:2      | HP: 4/17 [Natasha (4)]
  1646 | D:2      | Slain by Natasha

Vault maps used:
D:1:      matt_arrival_refuge, minmay_misc_feat_secret_circle
D:2:      st_stairs_7, grunt_ministairs_2, uniq_natasha, uniq_terence

Skill      XL: |  1  2  3 |
---------------+----------+-----
Transmutations | 3 |  3.1
Fighting       | |  0.8
Dodging        | |  1.5
Unarmed Combat | |  3.8
Spellcasting   | |  2.1
Poison Magic   | |  0.4

Action                   || total
-------------------------++-------
Melee: Unarmed           ||   101
       Bite              ||    27
       Headbutt          ||     7
 Cast: Beastly Appendage ||    10
 Stab: Sleeping          ||     1
  Eat: Chunk             ||     3
Armor: Robe              ||    20
Dodge: Dodged            ||    70

Table legend:
 A = Non-vault XP
 B = Vault XP
 C = Vault XP percentage of total XP
 D = Non-vault monster count
 E = Vault monster count
 F = Vault count percentage of total count
                 A         B        C        D         E       F
            +---------+---------+-------+---------+---------+-------
      Total |      77 |       2 |   2.5 |      34 |       1 |   2.9
            +---------+---------+-------+---------+---------+-------
        D:1 |      40 |       0 |   0.0 |      24 |       0 |   0.0
        D:2 |      37 |       2 |   5.1 |      10 |       1 |   9.1
            +---------+---------+-------+---------+---------+-------

Vault maps used:
D:1:      matt_arrival_refuge, minmay_misc_feat_secret_circle
D:2:      st_stairs_7, grunt_ministairs_2, uniq_natasha, uniq_terence

Table legend:
 A = Turns spent in this place as a percentage of turns spent in the entire game.
 B = Non-inter-level travel turns spent in this place as a percentage of non-inter-level travel turns spent in the entire game.
 C = Inter-level travel turns spent in this place as a percentage of turns spent in this place.
 D = Turns resting spent in this place as a percentage of non-inter-level travel turns spent in this place.
 E = Turns spent auto-exploring this place as a percentage of non-inter-level travel turns spent in this place.
 F = Non-inter-level travel turns spent in this place divided by the number of levels of this place that you've seen.
                   A       B       C       D       E      F
               +-------+-------+-------+-------+-------+----------------------
         Total | 100.0 | 100.0 |   1.9 |  32.1 |  46.3 | 807.0
       Dungeon | 100.0 | 100.0 |   1.9 |  32.1 |  46.3 | 807.0
               +-------+-------+-------+-------+-------+----------------------

Table legend:
 A = Kills in this place as a percentage of kills in entire the game.
 B = Kills by you in this place as a percentage of kills by you in the entire game.
 C = Kills by friends in this place as a percentage of kills by friends in the entire game.
 D = Other kills in this place as a percentage of other kills in the entire game.
 E = Experience gained in this place as a percentage of experience gained in the entire game.
 F = Experience gained in this place divided by the number of levels of this place that you have seen.
                   A       B       C       D       E      F
               +-------+-------+-------+-------+-------+----------------------
         Total | 100.0 | 100.0 |   N/A |   N/A | 100.0 |  39.5
       Dungeon | 100.0 | 100.0 |   N/A |   N/A | 100.0 |  39.5
               +-------+-------+-------+-------+-------+----------------------
